 Dungeon Crawl Stone Soup version 0.28.0-53-g5a82cb258f (webtiles) character file.

Game seed: 3576939538585854324

671 NotreDorf the Poker (level 7, -8/55 HPs)
             Began as a Merfolk Gladiator on Aug 20, 2022.
             Mangled by Edmund
             ... wielding a +3 dire flail of protection
              (9 damage)
             ... on level 4 of the Dungeon.
             The game lasted 00:09:44 (4131 turns).

NotreDorf the Poker (Merfolk Gladiator)             Turns: 4131, Time: 00:09:45

Health: -8/55      AC: 12    Str: 15    XL:     7   Next: 58%
Magic:  11/11      EV: 14    Int:  7    God:
Gold:   116        SH:  0    Dex: 17    Spells: 12/12 levels left

rFire   . . .      SeeInvis .   a - +0 trident
rCold   . . .      Faith    .   (no shield)
rNeg    . . .      Spirit   .   k - +4 ring mail
rPois   .          Reflect  .   c - +0 helmet
rElec   .          Harm     .   (no cloak)
rCorr   .          Rampage  .   r - +0 pair of gloves
Will    .....                   p - +0 pair of boots
Stlth   +.........              (no amulet)
HPRegen 0.18/turn               (no ring)
MPRegen 0.12/turn               (no ring)

@: no status effects
A: (nimble swimmer 2), mertail
a: no special abilities


You were on level 4 of the Dungeon.
You visited 1 branch of the dungeon, and saw 4 of its levels.

You collected 182 gold pieces.
You spent 66 gold pieces at shops.

Inventory:

Hand Weapons
 a - a +0 trident (weapon)
Armour
 c - a +0 helmet (worn)
 k - a +4 ring mail (worn)
 p - a +0 pair of boots (worn)
 r - a +0 pair of gloves (worn)
Wands
 t - a wand of mindburst (12)
Scrolls
 b - a scroll of enchant armour {unknown}
 f - 4 scrolls of identify {unknown}
 g - a scroll of fear {unknown}
 h - a scroll of magic mapping {unknown}
 l - a scroll of acquirement {unknown}
 m - a scroll of vulnerability {unknown}
 n - a scroll of blinking {unknown}
 q - 4 scrolls of teleportation {unknown}
Potions
 e - 2 potions of heal wounds {unknown}
 i - 2 potions of might {unknown}
 j - 2 potions of curing
 o - a potion of lignification
 s - a potion of degeneration {unknown}


   Skills:
 + Level 4.8 Fighting
 + Level 7.2 Polearms
 - Level 2.0 Throwing
 + Level 6.5 Dodging
 - Level 1.2 Stealth
 + Level 3.3 Spellcasting


You had 12 spell levels left.
You didn't know any spells.
Your spell library contained the following spells:

 Spells                   Type           Power      Damage    Failure   Level
 Summon Guardian Golem    Hex/Summ       1%         N/A       90%         3
 Iskenderun's Battlesphe  Conj           1%         2d6       100%        5
 Iron Shot                Conj/Erth      0%         9d1       100%        6
 Orb of Destruction       Conj           0%         9d5       100%        7
 Spellforged Servitor     Conj/Summ      0%         N/A       100%        7


Dungeon Overview and Level Annotations

Branches:
Dungeon (4/15)
 Temple: D:4-7

Altars:
Kikubaaqudgha
Trog

Shops:
D:2 !

Annotations:
D:2 Sigmund
D:4 Edmund


Innate Abilities, Weirdness & Mutations

((You are very nimble when in or above water. (Stealth+, EV+, Speed+++)))
Your lower body shifts to a powerful aquatic tail in water.


Message History

* * * LOW HITPOINT WARNING * * *
You closely miss Edmund.
Edmund is almost dead.
Edmund hits you with a +3 dire flail of protection.
* * * LOW HITPOINT WARNING * * *
Throw: throwing net
Press: ? - help, Q - select action, (/) - cycle Shift-Dir - straight line, f - Edmund
Aim: Edmund, wielding a +3 dire flail of protection and wearing a +0 ring mail (almost dead, 66% to hit)
You throw a throwing net. The throwing net hits Edmund.
Edmund is caught in the net!
Edmund is almost dead.
Edmund struggles against the net.
You hit Edmund but do no damage.
Edmund is almost dead.
Edmund struggles against the net.
You hit Edmund but do no damage.
Edmund is almost dead.
Edmund struggles against the net.
You hit Edmund.
Edmund is almost dead.
Edmund struggles against the net.
You hit Edmund but do no damage.
Edmund is almost dead.
Edmund says, "People think my brother is the best.
I think he's crazy."
Edmund struggles against the net.
You hit Edmund but do no damage.
Edmund is almost dead.
Edmund struggles against the net.
You hit Edmund but do no damage.
Edmund is almost dead.
Edmund struggles against the net.
The net rips apart, and Edmund comes free!
You completely miss Edmund.
Edmund is almost dead.
Edmund hits you with a +3 dire flail of protection.
* * * LOW HITPOINT WARNING * * *
You hit Edmund.
Edmund is almost dead.
Edmund hits you with a +3 dire flail of protection!
You die...

....## ##.## #. ...##
... ..#####.. # ...
#.#...#.### ...
#.#...#)... ##.##
#.#...#.##. ...
#.##'##.##. #@#
#.......##. ##@##
##.#.#.###. ##...##
#.....###. ##.....##
###....... ##.......##
#........#
#.........###....#.#.#
+.........+...........
#.........###........#
##.......## #.#.#..#.#
##.....## #.###.##.#


You could see Edmund.

Vanquished Creatures
  Menkaure (D:4)
  2 black bears (D:4)
  2 necrophages
  A scorpion (D:4)
  Ijyb (D:4)
  3 adders
  2 worms
  8 dart slugs
  An orc (D:4)
  10 endoplasms
  2 giant cockroaches
  2 goblins
  3 hobgoblins
  6 jackals
  5 kobolds
  2 quokkas
  2 ball pythons (D:3)
  2 bats (D:1)
  4 frilled lizards (D:1)
  7 rats
66 creatures vanquished.

Vanquished Creatures (others)
  A human (D:3)
  2 plants (D:2)
3 creatures vanquished.

Grand Total: 69 creatures vanquished

Notes
Turn   | Place    | Note
-------+----------+-------------------------------------------
     0 | D:1      | NotreDorf the Merfolk Gladiator began the quest for the
                  | Orb.
     0 | D:1      | Reached XP level 1. HP: 16/16 MP: 1/1
   173 | D:1      | Reached XP level 2. HP: 23/23 MP: 2/2
   298 | D:1      | Reached skill level 1 in Stealth
   731 | D:1      | Reached XP level 3. HP: 28/28 MP: 4/4
   987 | D:2      | Found a faded altar of an unknown god.
  1079 | D:2      | Noticed Sigmund
  1417 | D:2      | Found Jeteal's Distillery.
  1430 | D:2      | Reached skill level 1 in Spellcasting
  1430 | D:2      | Bought a potion of lignification for 33 gold pieces
  1430 | D:2      | Bought a potion of curing for 33 gold pieces
  1440 | D:2      | Reached skill level 5 in Polearms
  1693 | D:2      | Reached XP level 4. HP: 34/34 MP: 5/5
  2476 | D:3      | Noticed a necrophage
  2495 | D:3      | Killed a necrophage
  2496 | D:3      | Reached skill level 5 in Dodging
  2496 | D:3      | Reached XP level 5. HP: 33/41 MP: 5/7
  2614 | D:3      | You fall into a shaft and drop 1 floor!
  3049 | D:3      | Found an ancient bone altar of Kikubaaqudgha.
  3049 | D:3      | Noticed a human
  3053 | D:3      | Killed a human
  3185 | D:4      | Found a bloodstained altar of Trog.
  3186 | D:4      | Noticed a black bear
  3186 | D:4      | Noticed a black bear
  3199 | D:4      | Killed a black bear
  3200 | D:4      | Reached skill level 6 in Polearms
  3200 | D:4      | Reached XP level 6. HP: 38/48 MP: 9/9
  3213 | D:4      | Killed a black bear
  3404 | D:4      | Noticed Ijyb
  3424 | D:4      | Killed Ijyb
  3425 | D:4      | Reached XP level 7. HP: 29/55 MP: 11/11
  3587 | D:4      | Noticed Menkaure
  3601 | D:4      | Killed Menkaure
  3945 | D:4      | Noticed Edmund
  3956 | D:4      | Reached skill level 7 in Polearms
  4122 | D:4      | HP: 2/55 [Edmund/+3 dire flail of protection (4)]
  4130 | D:4      | HP: 1/55 [Edmund/+3 dire flail of protection (2)]
  4131 | D:4      | Mangled by Edmund

Illustrated notes

Levels and vault maps discovered:
D:1:      saegor_arrival_fortress, layout_basic, minmay_misc_feat_roman,
          minmay_misc_feat_iff
D:2:      layout_basic, shapermc_ecumenical_altar_mp_urbaneastern, serial_shops,
          shop, uniq_sigmund
D:3:      layout_loops_cross, tgw_kikubaaqudgha
D:4:      layout_loops_corners, trog_ov_bears_minmay, enter_ossuary_2,
          uniq_edmund, uniq_menkaure, uniq_ijyb

Skill      XL: |  1  2  3  4  5  6  7 |
---------------+----------------------+-----
Stealth        | 1 |  1.2
Spellcasting   | 1 2 3 |  3.3
Polearms       | 5 6 7 |  7.2
Fighting       | 3 4 |  4.8
Dodging        | 5 6 |  6.5
Throwing       | |  2.0

Action                   |  1- 3 |  4- 6 |  7- 9 || total
-------------------------+-------+-------+-------++-------
Melee: Trident           |   108 |   121 |    74 ||   303
       Punch             |     1 |     2 |     1 ||     4
Throw: Throwing net      |     2 |       |     1 ||     3
  Use: Potion            |       |       |     1 ||     1
 Stab: Sleeping          |     4 |     1 |       ||     5
       Held in net/web   |     1 |       |       ||     1
Armor: Leather armour    |    12 |     1 |       ||    13
       Ring mail         |       |    46 |    10 ||    56
Dodge: Dodged            |    47 |    64 |    28 ||   139
